 Dungeon Crawl Stone Soup version 0.25.1-2-g60ff931df9 (webtiles) character file.

Game seed: 15146349080561749193

10129 hawla the Destroyer (level 11, -23/74 HPs)
             Began as a Pale Draconian Venom Mage on Nov 12, 2020.
             Was a Priest of Vehumet.
             Hit by a large rock thrown by a cyclops (39 damage)
             ... on level 11 of the Dungeon.
             The game lasted 01:03:01 (15554 turns).

hawla the Destroyer (Pale Draconian Venom Mage)    Turns: 15554, Time: 01:03:01

Health: -23/74     AC:  7    Str: 10    XL:     11   Next: 32%
Magic:  9/21       EV: 12    Int: 18    God:    Vehumet [***...]
Gold:   704        SH:  0    Dex: 13    Spells: 2/24 levels left

rFire    + . .     SeeInvis .   w - +0 quarterstaff (freeze)
rCold    . . .     Gourm    .   (shield currently unavailable)
rNeg     + . .     Faith    .   (armour unavailable)
rPois    .         Spirit   .   (helmet restricted)
rElec    .         Reflect  .   (no cloak)
rCorr    .         Harm     .   (no gloves)
MR       .....                  (no boots)
Stlth    ++........             (no amulet)
HPRegen  0.22/turn              n - ring of protection from fire
MPRegen  0.17/turn              q - ring of positive energy

@: no status effects
A: breathe steam, unfitting armour, antennae 1, mutation resistance 1,
cold-blooded, AC +7
a: Breathe Steam, Renounce Religion


You were on level 11 of the Dungeon.
You worshipped Vehumet.
Vehumet was most pleased with you.
You were not hungry.

You visited 2 branches of the dungeon, and saw 12 of its levels.

You collected 726 gold pieces.
You spent 22 gold pieces at shops.

Inventory:

Hand Weapons
 w - a +0 quarterstaff of freezing (weapon)
Missiles
 a - 10 boomerangs (quivered)
 h - 28 poisoned darts
 p - 2 throwing nets
Jewellery
 n - a ring of protection from fire (left hand)
 q - a ring of positive energy (right hand)
 x - an uncursed ring of ice
Wands
 l - a wand of paralysis (9)
 u - a wand of flame (34)
Scrolls
 c - a scroll of blinking
 d - a scroll of amnesia
 f - a scroll of identify
 m - 4 scrolls of remove curse
 r - a scroll of enchant armour
 s - a scroll of fear
Potions
 g - 2 potions of flight
 i - 2 potions of curing
 j - 2 potions of stabbing
 k - 2 potions of might
 o - 3 potions of brilliance
 t - a potion of haste
Miscellaneous
 v - a phantom mirror
Comestibles
 b - 17 rations
 z - 3 chunks of flesh


   Skills:
 - Level 1.7 Dodging
 - Level 1.7 Stealth
 - Level 7.0 Spellcasting
 + Level 8.7 Conjurations
 + Level 6.7 Translocations
 + Level 4.4 Transmutations
 + Level 4.1 Fire Magic
 + Level 1.5 Ice Magic
 + Level 8.2 Air Magic
 + Level 7.6 Poison Magic


You had 2 spell levels left.
You knew the following spells:

 Your Spells              Type           Power        Failure   Level  Hunger
a - Searing Ray           Conj           #####.       1%          2    None
b - Poisonous Vapours     Pois/Air       ####..       1%          2    None
c - Olgreb's Toxic Radia  Pois           ####....     1%          4    ####...
d - Ignite Poison         Fire/Tmut/Pois ####....     1%          3    ##.....
e - Iskenderun's Mystic   Conj/Tloc      ####....     1%          4    ####...
f - Freeze                Ice            ##..         1%          1    None
g - Frozen Ramparts       Ice            ##....       4%          3    ##.....
h - Gell's Gravitas       Tloc           ####......   1%          3    ##.....

Your spell library contained the following spells:

 Spells                   Type           Power        Failure   Level  Hunger
 Magic Dart               Conj           ####         1%          1    None
 Sting                    Tmut/Pois      ####         1%          1    None
 Dazzling Flash           Conj/Hex       ###...       1%          3    ##.....
 Mephitic Cloud           Conj/Pois/Air  #####...     1%          3    ##.....
 Fulminant Prism          Conj/Hex       ###.......   5%          4    ####...
 Yara's Violent Unravell  Hex/Tmut       ##........   30%         5    #####..
 Confusing Touch          Hex            #.......     32%         3    ##.....
 Petrify                  Tmut/Erth      ##......     41%         4    ####...
 Metabolic Englaciation   Hex/Ice        #.........   91%         5    #####..


Dungeon Overview and Level Annotations

Branches:
Dungeon (11/15)            Temple (1/1) D:4            Lair (0/6) D:8
    Orc: D:9-12

Altars:
Ashenzari
Cheibriados
Dithmenos
Elyvilon
Fedhas
Gozag
Hepliaklqana
Kikubaaqudgha
Makhleb
Nemelex Xobeh
Okawaru
Qazlal
Ru
Sif Muna
Trog
Uskayaw
Vehumet
Wu Jian
Xom
Yredelemnul
Zin

Shops:
D:5 ?

Annotations:
D:8 Gastronok


Innate Abilities, Weirdness & Mutations

You can breathe blasts of scalding, opaque steam.
Your pale cyan-grey scales are hard. (AC +7)
You cannot fit into any form of body armour.
You are cold-blooded and may be slowed by cold attacks.
You have a pair of small antennae on your head.
You are somewhat resistant to further mutation.


Message History

You feel strangely unstable.
Your toxic aura wanes.
Something hits you but does no damage. x2
Something hits you.
* * * LOW HITPOINT WARNING * * *
Something hits you.
* * * LOW HITPOINT WARNING * * *
Something hits you but does no damage.
Your surroundings suddenly seem different.
A cyclops comes into view.
Found 22 gold pieces.
Found a shimmering blue altar of Sif Muna.
Found an escape hatch in the ceiling.
Found a stone staircase leading down.
A water moccasin and a hungry ghost come into view.
The cyclops shouts!
You hear a shout!
Found an escape hatch in the floor.
There is an escape hatch in the ceiling here.
The cyclops throws a large rock.
The large rock hits you!!!
Ouch! That really hurt!
You die...

≈ >. #...≈≈≈C..
≈ #S.
#..>.≈..... ≈
#... #........_.
≈
#...##......W...
≈
.....#..........
.
................
.
................
.
.......@........
.
###.............
#.............
#............≈
####........≈≈
..........≈
..##≈###...# ...
≈≈≈ .$.# ....
≈≈≈ ...


You could see a cyclops, a hungry ghost and a water moccasin (asleep).

Vanquished Creatures
  Fannar (D:10)
  2 two-headed ogres
  Pikel (D:5)
  Joseph (D:8)
  2 trolls
  A hornet (D:7)
  Prince Ribbit (D:9)
  5 yaks (D:10)
  Menkaure (D:7)
  A water moccasin (D:9)
  5 orc warriors
  2 ice beasts
  3 sky beasts
  A hornet zombie (D:6)
  A black bear (D:6)
  An eye of draining (D:5)
  5 ogres
  A necrophage (D:6)
  A phantom (D:11)
  3 wolves (D:8)
  4 centaurs
  2 big kobolds
  11 bullfrogs
  A gnoll sergeant (D:8)
  3 scorpions
  11 wights
  2 howler monkeys (D:9)
  5 electric eels
  3 crimson imps
  2 bullfrog zombies
  6 orc priests
  9 hounds
  A jelly (D:5)
  8 orc wizards
  An iguana (D:9)
  A gnoll shaman (D:9)
  7 worker ants
  A killer bee zombie (D:7)
  A mummy (D:8)
  10 gnolls
  2 howler monkey zombies
  13 adders
  3 shadow imps
  2 oozes
  3 adder skeletons
  An adder zombie (D:6)
  A worm (D:2)
  12 dart slugs
  10 leopard geckos
  23 orcs
  4 giant cockroaches
  7 goblins
  4 hobgoblins
  6 jackals
  5 quokkas
  3 bats
  7 frilled lizards
  A jackal skeleton (D:4)
  18 kobolds
  A leopard gecko skeleton (D:8)
  A quokka skeleton (D:5)
  5 rats
260 creatures vanquished.

Vanquished Creatures (others)
  A sky beast (D:5)
1 creature vanquished.

Grand Total: 261 creatures vanquished

Notes
Turn   | Place    | Note
-------+----------+-------------------------------------------
     0 | D:1      | hawla the Draconian Venom Mage began the quest for the Orb.
     0 | D:1      | Reached XP level 1. HP: 14/14 MP: 3/3
   252 | D:1      | Reached XP level 2. HP: 17/20 MP: 0/5
   360 | D:1      | Learned a level 2 spell: Poisonous Vapours
   380 | D:1      | You fall into a shaft and drop 1 floor!
  1184 | D:1      | Reached XP level 3. HP: 26/26 MP: 2/6
  1689 | D:2      | Reached skill level 1 in Air Magic
  2295 | D:3      | Reached XP level 4. HP: 33/33 MP: 2/7
  2353 | D:3      | Learned a level 4 spell: Olgreb's Toxic Radiance
  3990 | D:4      | Reached XP level 5. HP: 37/38 MP: 2/8
  4221 | D:4      | Noticed an ogre
  4242 | D:4      | Killed an ogre
  4354 | D:4      | Found a staircase to the Ecumenical Temple.
  4364 | D:4      | Learned a level 2 spell: Searing Ray
  4504 | D:4      | Reached XP level 6. HP: 45/45 MP: 2/9
  4761 | Temple   | Entered the Ecumenical Temple
  4918 | D:5      | Entered Level 5 of the Dungeon
  4918 | D:5      | Found a stormy altar of Qazlal.
  4990 | D:5      | Reached skill level 1 in Conjurations
  5068 | D:5      | Found a shimmering altar of Xom.
  5136 | D:5      | Found a radiant altar of Vehumet.
  5210 | D:5      | Reached skill level 5 in Poison Magic
  5385 | D:5      | Found a glowing silver altar of Zin.
  5404 | D:5      | Your scales start taking on a pale cyan-grey colour.
  5404 | D:5      | Reached XP level 7. HP: 33/50 MP: 6/10
  5568 | D:5      | Noticed Pikel
  5576 | D:5      | Killed Pikel
  5576 | D:5      | Reached skill level 5 in Air Magic
  5681 | D:5      | Found Ykhotex's Magic Scroll Boutique.
  5684 | D:5      | Bought a scroll of identify for 22 gold pieces
  5728 | D:5      | Found a sparkling altar of Nemelex Xobeh.
  5728 | D:5      | Found a blossoming altar of Fedhas.
  5728 | D:5      | Found an ornate altar of the Wu Jian Council.
  6127 | D:6      | Reached XP level 8. HP: 57/57 MP: 7/11
  6325 | D:6      | Found an opulent altar of Gozag.
  7723 | D:6      | Found a hazy altar of Hepliaklqana.
  7749 | D:6      | Reached skill level 5 in Conjurations
  8042 | D:6      | Reached XP level 9. HP: 22/62 MP: 1/14
  8467 | D:6      | Learned a level 3 spell: Ignite Poison
  8472 | D:6      | Learned a level 4 spell: Iskenderun's Mystic Blast
  8542 | D:5      | Became a worshipper of Vehumet
  8920 | D:7      | Reached skill level 1 in Fire Magic
  9055 | D:7      | HP: 1/62 [orc warrior/+0 halberd (24)]
  9343 | D:7      | Reached skill level 1 in Translocations
  9799 | D:7      | Reached * piety under Vehumet
  9799 | D:7      | Offered knowledge of Foxfire by Vehumet.
 10191 | D:7      | Noticed Menkaure
 10194 | D:7      | Killed Menkaure
 10907 | D:8      | Noticed Joseph
 10914 | D:8      | Killed Joseph
 10914 | D:8      | Reached skill level 5 in Spellcasting
 11069 | D:8      | Noticed Gastronok
 11297 | D:8      | Found a staircase to the Lair.
 11302 | D:8      | Reached XP level 10. HP: 52/69 MP: 6/17
 11904 | D:8      | Gained mutation: You have a pair of small antennae on your
                  | head. [potion of mutation]
 11904 | D:8      | Gained mutation: You are somewhat resistant to further
                  | mutation. [potion of mutation]
 12590 | D:9      | Found a stormy altar of Qazlal.
 12701 | D:9      | You fall into a shaft and drop 1 floor!
 12701 | D:10     | Entered Level 10 of the Dungeon
 12704 | D:10     | Offered knowledge of Freeze by Vehumet.
 12704 | D:10     | Reached ** piety under Vehumet
 12704 | D:10     | Reached skill level 5 in Translocations
 12705 | D:10     | Noticed a two-headed ogre
 12709 | D:10     | Killed a two-headed ogre
 12902 | D:9      | Noticed a two-headed ogre
 12906 | D:9      | Killed a two-headed ogre
 12906 | D:9      | Reached XP level 11. HP: 74/74 MP: 13/21
 13203 | D:9      | Noticed Prince Ribbit
 13208 | D:9      | Killed Prince Ribbit
 13739 | D:9      | Learned a level 1 spell: Freeze
 14175 | D:9      | Found a sacrificial altar of Ru.
 14294 | D:10     | Offered knowledge of Frozen Ramparts by Vehumet.
 14450 | D:11     | Learned a level 3 spell: Frozen Ramparts
 14620 | D:10     | Reached *** piety under Vehumet
 14798 | D:10     | Noticed Fannar
 15021 | D:10     | Learned a level 3 spell: Gell's Gravitas
 15036 | D:10     | Killed Fannar
 15036 | D:10     | Reached skill level 1 in Ice Magic
 15351 | D:11     | Found a shimmering altar of Xom.
 15551 | D:11     | Found a shimmering blue altar of Sif Muna.
 15554 | D:11     | Hit by a large rock thrown by a cyclops

Illustrated notes

Levels and vault maps discovered:
D:1:      dpeg_arrival_windows_large_door, layout_basic
D:2:      layout_rooms, minmay_3d_cube
D:3:      layout_basic, minmay_misc_feat_rugged
D:4:      kennysheep_slugbush, layout_rooms, minmay_temple_entry_overgrown,
          first_ration
D:5:      layout_basic, vehumet_altar_wand_db, old_standard_altar,
          gammafunk_temple_overflow_claw, xom_butterflies, serial_shops,
          kennysheep_mini, minivault_4, nicolae_qazlal_general_emergency,
          uniq_pikel
D:6:      layout_basic, kennysheep_mini_moat, lemuel_round_altar,
          grunt_ministairs_4
D:7:      layout_basic, grunt_ogre_cave, uniq_menkaure
D:8:      layout_basic, nicolae_tso_swordbearing_angel, erik_lair_island,
          enter_bailey_2, gup_ossuary_entry_pyramid, uniq_gastronok, uniq_joseph
D:9:      wad_crossroads, layout_basic, nicolae_overflow_hidden_temple,
          basic_altar, uniq_prince_ribbit1
D:10:     layout_rooms, uniq_fannar
D:11:     layout_basic, hangedman_feature_mirror, item_on_display_a
Temple:   nicolae_temple_hex_pool

Skill      XL: |  1  2  3  4  5  6  7  8  9 10 11 |
---------------+----------------------------------+-----
Transmutations | 2 3 4 |  4.4
Air Magic      | 1 2 3 4 5 6 7 8 |  8.2
Poison Magic   | 4 5 6 7 |  7.6
Conjurations   | 2 3 5 6 8 |  8.7
Spellcasting   | 3 5 7 |  7.0
Fire Magic     | 3 4 |  4.1
Translocations | 3 6 |  6.7
Ice Magic      | 1 |  1.5
Dodging        | |  1.7
Stealth        | |  1.7

Action                   |  1- 3 |  4- 6 |  7- 9 | 10-12 || total
-------------------------+-------+-------+-------+-------++-------
Melee: Unarmed           |    25 |    47 |    51 |       ||   123
       Tailslap          |     3 |     7 |     6 |     5 ||    21
       Short sword       |       |       |     2 |       ||     2
       Quarterstaff      |       |       |     1 |    21 ||    22
Throw: Throwing net      |       |       |     1 |     1 ||     2
       Boomerang         |       |       |       |     1 ||     1
 Cast: Sting             |    37 |    23 |       |       ||    60
       Poisonous Vapours |    20 |    36 |    59 |    45 ||   160
       Olgreb's Toxic Ra |       |     1 |    21 |    16 ||    38
       Searing Ray       |       |    12 |    50 |    24 ||    86
       Ignite Poison     |       |       |     3 |    12 ||    15
       Iskenderun's Myst |       |       |     3 |    23 ||    26
       Freeze            |       |       |       |    13 ||    13
       Frozen Ramparts   |       |       |       |     4 ||     4
 Abil: Breathe Steam     |       |       |     9 |    18 ||    27
Evoke: Wand              |       |       |       |     1 ||     1
  Use: Scroll            |     5 |     6 |     9 |     5 ||    25
       Potion            |       |     2 |     5 |     3 ||    10
  Eat: Chunk             |     6 |     9 |    11 |    13 ||    39
       Ration            |       |     2 |     5 |     2 ||     9
Armor: Skin              |    14 |    24 |    63 |    27 ||   128
Dodge: Dodged            |    29 |    37 |   103 |    60 ||   229
